 Dungeon Crawl Stone Soup version 0.28-a0-793-g31680bbd8b (webtiles) character file.

Game seed: 12699146930178238088

5128 SolCadguy the Spear-Bearer (level 10, -2/74 HPs)
             Began as a Merfolk Ice Elementalist on Nov 4, 2021.
             Was a Believer of Sif Muna.
             Slain by an orc warrior (11 damage)
             ... on level 9 of the Dungeon.
             The game lasted 00:46:39 (13509 turns).

SolCadguy the Spear-Bearer (MfIE)                  Turns: 13509, Time: 00:46:40

Health: -2/74      AC:  4    Str: 15    XL:     10   Next: 58%
Magic:  12/17      EV: 14    Int: 18    God:    Sif Muna [**....]
Gold:   733        SH:  0    Dex: 14    Spells: 8/19 levels left

rFire   . . .      SeeInvis .   c - +0 glaive (freeze)
rCold   . . .      Faith    .   (shield currently unavailable)
rNeg    . . .      Spirit   .   a - +0 robe
rPois   .          Reflect  .   (no helmet)
rElec   .          Harm     .   (no cloak)
rCorr   .          Rampage  .   z - +0 pair of gloves {archery}
Will    .....                   k - +0 pair of boots
Stlth   ++........              g - amulet of the acrobat
HPRegen 0.22/turn               y - +6 ring of strength
MPRegen 0.15/turn               (no ring)

@: no status effects
A: (nimble swimmer 2), mertail
a: Renounce Religion, Channel Magic


You were on level 9 of the Dungeon.
You worshipped Sif Muna.
Sif Muna was pleased with you.
You visited 2 branches of the dungeon, and saw 10 of its levels.
You also visited: Ossuary.

You collected 900 gold pieces.
You spent 167 gold pieces at shops.

Inventory:

Hand Weapons
 b - a +0 dagger
 c - a +0 glaive of freezing (weapon)
 p - a +0 spear
 q - a +0 trident
Missiles
 f - 41 poisoned darts (quivered)
 l - 62 sling bullets
 n - 176 stones
 s - 9 boomerangs
 x - 4 datura-tipped darts
 A - 2 atropa-tipped darts
Armour
 a - a +0 robe (worn)
 h - a +0 ring mail
 k - a +0 pair of boots (worn)
 r - a +0 leather armour
 t - a +0 ring mail
 z - a +0 pair of gloves of archery (worn)
Jewellery
 g - an amulet of the acrobat (around neck)
 y - a +6 ring of strength (left hand)
Wands
 j - a wand of digging (4)
 D - a wand of acid (13)
 F - a wand of flame (13)
 H - a wand of iceblast (6)
Scrolls
 i - 4 scrolls of teleportation
 u - a scroll of amnesia
 v - a scroll of magic mapping
 I - a scroll of torment {unknown}
 J - 3 scrolls of identify
 L - a scroll of enchant weapon {unknown}
Potions
 d - a potion of cancellation
 e - 4 potions of curing
 m - 2 potions of lignification
 o - 2 potions of attraction
 w - a potion of brilliance
 C - a potion of degeneration {unknown}
 E - 2 potions of flight {unknown}
 G - a potion of experience {unknown}
 K - a potion of ambrosia {unknown}


   Skills:
 + Level 5.1 Fighting
 + Level 14.1 Polearms
 - Level 1.1 Armour
 - Level 5.0 Dodging
 - Level 2.1 Stealth
 - Level 5.2 Spellcasting
 - Level 3.0 Conjurations
 - Level 9.0 Ice Magic


You had 8 spell levels left.
You knew the following spells:

 Your Spells              Type           Power      Damage    Failure   Level
a - Freeze                Ice            100%       1d11      1%          1
b - Frozen Ramparts       Ice            74%        1d9       1%          3
c - Ozocubu's Armour      Ice            37%        N/A       1%          3
d - Hailstorm             Conj/Ice       26%        3d7       11%         4

Your spell library contained the following spells:

 Spells                   Type           Power      Damage    Failure   Level
 Pain                     Necr           16%        1d4       13%         1
 Sublimation of Blood     Necr           4%         N/A       21%         2
 Summon Guardian Golem    Hex/Summ       4%         N/A       36%         3
 Petrify                  Tmut/Erth      4%         N/A       78%         4
 Irradiate                Conj/Tmut      5%         3d15      88%         5
 Agony                    Necr           4%         N/A       98%         5
 Excruciating Wounds      Necr           2%         N/A       98%         5
 Orb of Destruction       Conj           7%         9d3       100%        7
 Spellforged Servitor     Conj/Summ      5%         N/A       100%        7


Dungeon Overview and Level Annotations

Branches:
Dungeon (9/15)             Temple (1/1) D:4         Ossuary (visited)
   Lair: D:8-11         Orc: D:9-12

Altars:
Ashenzari
Cheibriados
Dithmenos
Elyvilon
Fedhas
Hepliaklqana
Kikubaaqudgha
Makhleb
Nemelex Xobeh
Okawaru
Qazlal
Ru
Sif Muna
Trog
Uskayaw
Vehumet
Wu Jian
Xom
Yredelemnul
Zin
The Shining One

Shops:
D:4 [   D:7 ?   D:8 :**[


Innate Abilities, Weirdness & Mutations

((You are quick and stealthy near water. (Stealth+, EV+, Speed+++)))
Your lower body shifts to a powerful aquatic tail in water.


Message History

Confirm with . or Enter, or press ? or * to list all spells.
Casting: Hailstorm (dangerous; 11% risk of failure)
Press: ? - help, Dir - look around, f - activate A cannonade of hail descends around you!
The hail pelts the orc warrior!
The orc warrior is heavily wounded.
The hail pelts the orc priest!
You kill the orc priest!
Sif Muna accepts your kill.
The hail pelts the orc priest!
The orc priest is almost dead.
Something hits you.
The orc warrior hits you from afar with a +0 glaive!!
* * * LOW HITPOINT WARNING * * *
The orc wizard mumbles some strange words.
The orc wizard flickers and vanishes!
Casting: Hailstorm (dangerous; 11% risk of failure)
Confirm with . or Enter, or press ? or * to list all spells.
Okay, then.
Okay, then.
You feel much better.
You hear some strange, mumbled words.
Something tries to affect you, but you resist.
The orc warrior hits you from afar with a +0 glaive!!
* * * LOW HITPOINT WARNING * * *
You barely miss the orc priest.
The orc priest is almost dead.
Something hits you.
* * * LOW HITPOINT WARNING * * *
The orc warrior misses you.
The orc priest calls upon Beogh to heal the orc warrior.
The orc warrior is healed somewhat.
Okay, then.
Okay, then.
You slash the orc priest! You freeze the orc priest.
You kill the orc priest!
Sif Muna accepts your kill. Something hits you but does no damage.
The orc warrior hits you from afar with a +0 glaive!
You die...

......^..####........
.........^###....##..
........^.##.....#
.^.^...^........##
.......^...>....#
^.^....^........#
^............)..# .
..........){....###....
.....^.^...@.o..........
.^......^.#######...##..
# ...^....## ..##
#.###.....)# #..#
..........# ......
#.........## ......##
##.......## .......##
##........# ##.....##
#.....#+##### #.....#


You could see an orc warrior.

Vanquished Creatures
  A kobold demonologist (D:7)
  4 wyverns
  Eustachio (D:5)
  5 yaks (D:9)
  Grum (D:8)
  A steam dragon (D:8)
  Duvessa (D:5)
  3 water moccasins
  A sky beast (D:8)
  A black bear (D:6)
  An ice beast (D:3)
  The ghost of ytrimaz the Skirmisher, an amateur DsFi (D:3)
  3 wolves
  2 centaurs
  2 phantoms
  3 kobold brigands
  A bullfrog (D:8)
  A gnoll sergeant (D:7)
  A scorpion (D:3)
  A wyvern zombie (D:8)
  Dowan (D:5)
  3 wights (D:8)
  4 killer bees
  2 jellies
  2 howler monkeys
  A bullfrog zombie (D:5)
  3 centaur zombies
  2 hounds
  A human zombie (Ossuary)
  5 orc priests
  A bullfrog skeleton (D:6)
  4 iguanas
  Terence (D:3)
  3 orc wizards
  A killer bee zombie (D:6)
  2 mummies (Ossuary)
  7 adders
  10 gnolls
  An adder skeleton (D:3)
  4 dart slugs
  23 orcs
  7 ball pythons
  5 bats
  4 endoplasms
  3 giant cockroaches
  4 gnoll zombies (Ossuary)
  8 goblins
  5 hobgoblins
  15 jackals
  3 quokkas
  3 frilled lizards (D:1)
  3 goblin zombies (Ossuary)
  5 hobgoblin zombies (Ossuary)
  13 kobolds
  An orc zombie (Ossuary)
  6 rats
201 creatures vanquished.

Vanquished Creatures (others)
  A butterfly (D:6)
  7 fungi
  9 plants (D:9)
  4 toadstools (D:1)
21 creatures vanquished.

Grand Total: 222 creatures vanquished

Notes
Turn   | Place    | Note
-------+----------+-------------------------------------------
     0 | D:1      | SolCadguy the Merfolk Ice Elementalist began the quest for
                  | the Orb.
     0 | D:1      | Reached XP level 1. HP: 13/13 MP: 3/3
   222 | D:1      | Reached XP level 2. HP: 4/19 MP: 0/5
   518 | D:1      | Reached skill level 5 in Ice Magic
   671 | D:1      | Found a faded altar of an unknown god.
  1084 | D:1      | Reached XP level 3. HP: 7/24 MP: 4/6
  1295 | D:1      | Learned a level 3 spell: Frozen Ramparts
  2541 | D:2      | Found a glowing golden altar of the Shining One.
  2798 | D:2      | Reached XP level 4. HP: 10/30 MP: 3/8
  2995 | D:1      | Learned a level 3 spell: Ozocubu's Armour
  3327 | D:3      | Reached skill level 1 in Polearms
  3387 | D:3      | Found a sparkling altar of Nemelex Xobeh.
  3479 | D:3      | Reached skill level 2 in Polearms
  3564 | D:3      | Reached XP level 5. HP: 33/35 MP: 9/9
  3567 | D:3      | Noticed Terence
  3589 | D:3      | Killed Terence
  3795 | D:3      | Reached skill level 3 in Polearms
  4120 | D:3      | Noticed an ice beast
  4565 | D:3      | Reached skill level 4 in Polearms
  4565 | D:3      | Reached XP level 6. HP: 41/41 MP: 6/10
  4597 | D:3      | Found a runed translucent gate.
  4598 | D:3      | Noticed ytrimaz's ghost (amateur DsFi)
  4603 | D:3      | Learned a level 4 spell: Hailstorm
  4603 | D:3      | Found a runed translucent gate.
  4603 | D:3      | Found a runed translucent gate.
  4886 | D:3      | Killed an ice beast
  4887 | D:3      | Reached skill level 5 in Polearms
  5150 | D:3      | Killed ytrimaz's ghost
  5151 | D:3      | Reached XP level 7. HP: 31/46 MP: 1/11
  5511 | D:4      | Reached skill level 6 in Polearms
  5529 | D:4      | Found a staircase to the Ecumenical Temple.
  5564 | Temple   | Entered the Ecumenical Temple
  5886 | Temple   | Became a worshipper of Sif Muna the Loreminder
  6083 | D:4      | Found Xisaf's Antique Armour Shoppe.
  6091 | D:4      | Bought a pair of runed gloves for 135 gold pieces
  6295 | D:5      | Entered Level 5 of the Dungeon
  6746 | D:5      | Noticed Eustachio
  6766 | D:5      | Killed Eustachio
  6767 | D:5      | Reached skill level 7 in Polearms
  7131 | D:5      | Reached XP level 8. HP: 42/52 MP: 8/12
  7144 | D:5      | Reached skill level 8 in Polearms
  7275 | D:5      | Found a hazy altar of Hepliaklqana.
  7284 | D:5      | Noticed Duvessa
  7286 | D:5      | Noticed Dowan
  7299 | D:5      | Killed Duvessa
  7305 | D:5      | Killed Dowan
  7305 | D:5      | Reached * piety under Sif Muna
  7501 | D:5      | Reached skill level 9 in Polearms
  8005 | D:6      | Found a radiant altar of Vehumet.
  8293 | D:6      | Found a white marble altar of Elyvilon.
  8416 | D:6      | Reached skill level 1 in Conjurations
  8658 | D:6      | Reached skill level 1 in Armour
  8995 | D:6      | Reached XP level 9. HP: 57/57 MP: 11/13
  9073 | D:7      | Noticed a kobold demonologist
  9084 | D:7      | Noticed a rust devil
  9087 | D:7      | Killed a kobold demonologist
  9088 | D:7      | Reached skill level 10 in Polearms
  9610 | D:7      | Reached skill level 5 in Dodging
  9928 | D:7      | Found Cupsaig's Magic Scroll Boutique.
  9933 | D:7      | Bought a scroll of identify for 32 gold pieces
 10055 | D:7      | Found a glowing silver altar of Zin.
 10361 | D:8      | Reached skill level 11 in Polearms
 10361 | D:8      | Found Motonoot's Book Emporium.
 10377 | D:8      | Found a sand-covered staircase.
 10388 | Ossuary  | Entered an ossuary
 10476 | Ossuary  | Reached ** piety under Sif Muna
 10721 | D:8      | Noticed Grum
 11293 | D:8      | Killed Grum
 11602 | D:8      | Reached skill level 12 in Polearms
 11754 | D:8      | Reached skill level 5 in Spellcasting
 11885 | D:8      | Found Uthaarak's Antique Armour Boutique.
 11941 | D:8      | Reached XP level 10. HP: 30/63 MP: 14/17
 12119 | D:8      | Found Azisuomp's Assorted Antiques.
 12175 | D:8      | Found Qadam's Assorted Antiques.
 12186 | D:8      | Found a hide-covered altar of Uskayaw.
 12312 | D:8      | Reached skill level 1 in Fighting
 12562 | D:9      | Reached skill level 13 in Polearms
 13033 | D:8      | Reached skill level 14 in Polearms
 13410 | D:9      | Reached skill level 5 in Fighting
 13509 | D:9      | Slain by an orc warrior

Illustrated notes

Levels and vault maps discovered:
D:1:      minmay_arrival_open_corners, layout_basic, basic_ecumenical_altar,
          minmay_misc_feat_rows, minmay_gold_behind_fungi, minmay_fountain_box,
          minmay_small_reverse_x
D:2:      layout_loops_corners, basic_altar, kennysheep_generic_room_10
D:3:      layout_basic, amcnicky_altar_gilded, gammafunk_ghost_split,
          hangedman_abyss_or_decor_stabs, minmay_strange_pillars,
          kennysheep_generic_room_16, uniq_terence
D:4:      layout_loops_cross, minmay_temple_entry_glass, serial_shops,
          nicolae_lakefront_shop
D:5:      layout_loops_ring, mainiacjoe_overflow_24_doors,
          small_statue_intersection, uniq_duvessa, uniq_eustachio
D:6:      layout_basic, lemuel_round_altar, nicolae_elyvilon_peaceful_grove
D:7:      layout_cave_pods, mainiacjoe_overflow_surrounded_room, serial_shops,
          kennysheep_little_box
D:8:      layout_cave_pools, nicolae_uskayaw_suspiria, serial_shops,
          nicolae_stop_n_shop_1, nicolae_lakefront_shop, shop,
          kennysheep_mini_moat, enter_ossuary_5, kennysheep_generic_room_8,
          uniq_grum
D:9:      layout_layer_cave, minmay_lair_entry_grove, minmay_misc_feat_encased,
          minmay_holes
Temple:   regret_index_temple_generic_petals

Skill      XL: |  1  2  3  4  5  6  7  8  9 10 |
---------------+-------------------------------+-----
Ice Magic      | 5 6 7 8 9 |  9.0
Spellcasting   | 3 5 |  5.2
Polearms       | 2 4 5 7 9 12 14 | 14.1
Dodging        | 3 5 |  5.0
Conjurations   | 2 3 |  3.0
Armour         | 1 |  1.1
Fighting       | 5 |  5.1
Stealth        | |  2.1

Action                   |  1- 3 |  4- 6 |  7- 9 | 10-12 || total
-------------------------+-------+-------+-------+-------++-------
Melee: Dagger            |   100 |       |       |       ||   100
       Spear             |       |   103 |    13 |       ||   116
       Trident           |       |       |   300 |       ||   300
       Tailslap          |       |       |     2 |       ||     2
       Glaive            |       |       |    34 |    37 ||    71
Throw: Stone             |     3 |     6 |     6 |       ||    15
       Dart              |       |     9 |    52 |     6 ||    67
       Boomerang         |       |       |     4 |       ||     4
 Cast: Freeze            |    26 |     9 |    18 |       ||    53
       Frozen Ramparts   |     4 |     9 |    23 |     4 ||    40
       Ozocubu's Armour  |       |     5 |    34 |     7 ||    46
       Hailstorm         |       |     1 |     8 |     5 ||    14
Evoke: Wand              |       |       |     8 |     2 ||    10
  Use: Scroll            |       |     6 |     6 |       ||    12
       Potion            |       |     1 |     1 |     1 ||     3
 Stab: Distracted        |     1 |       |       |       ||     1
       Sleeping          |     7 |     3 |     4 |     1 ||    15
Armor: Robe              |    34 |    21 |   110 |    20 ||   185
Dodge: Dodged            |    75 |    51 |   263 |    52 ||   441

Table legend: (Time is in decaauts)
 A = Elapsed time spent in this place.
 B = Non-inter-level travel time spent in this place.
 C = Inter-level travel time spent in this place.
 D = Time resting spent in this place.
 E = Time spent auto-exploring this place.
 F = Levels seen in this place.
 G = Mean time per level.
                   A        B        C        D        E       F      G
               +--------+--------+--------+--------+--------+-----+--------+
         Total |  13451 |  12871 |    580 |   4869 |   5786 |  11 | 1222.8 |
       Dungeon |  12888 |  12418 |    470 |   4844 |   5495 |   9 | 1432.0 |
        Temple |    366 |    256 |    110 |      0 |    210 |   1 |  366.0 |
       Ossuary |    196 |    196 |      0 |     25 |     81 |   1 |  196.0 |
               +--------+--------+--------+--------+--------+-----+--------+

Top non-repeatable levels by time:
     D:1: 2266 daAuts
     D:7: 2003 daAuts
     D:3: 1961 daAuts
     D:8: 1686 daAuts
     D:5: 1336 daAuts
     D:6: 1259 daAuts
     D:2: 1054 daAuts
     D:4: 741 daAuts
     D:9: 579 daAuts
  Temple: 366 daAuts
 Ossuary: 196 daAuts
